 Dungeon Crawl Stone Soup version 0.23-a0-819-g6debee6 (webtiles) character file.

16 ohad the Changer (level 2, 0/23 HPs)
             Began as a Draconian Transmuter on Jan 22, 2019.
             Slain by a gnoll
             ... wielding a cursed +0 spear
              (4 damage)
             ... on level 1 of the Dungeon.
             The game lasted 00:01:02 (232 turns).

ohad the Changer (Draconian Transmuter)              Turns: 232, Time: 00:01:02

Health: 0/23       AC:  4    Str: 12    XL:     2   Next: 37%
Magic:  4/5        EV: 12    Int: 13    God:
Gold:   82         SH:  0    Dex: 11    Spells: 2/5 levels left

rFire    . . .     SeeInvis .     - Unarmed
rCold    . . .     Gourm    .   (no shield)
rNeg     . . .     Faith    .   (armour unavailable)
rPois    .         Spirit   .   (helmet restricted)
rElec    .         Reflect  .   (no cloak)
rCorr    .         Harm     .   (no gloves)
MR       .....                  (no boots)
Stlth    +.........             (no amulet)
HPRegen  0.07/turn              (no ring)
MPRegen  0.09/turn              (no ring)

@: very slightly contaminated
A: unfitting armour, cold-blooded, AC +4
a: no special abilities


You were on level 1 of the Dungeon.
You were not hungry.

You visited 1 branch of the dungeon, and saw 1 of its levels.

You collected 82 gold pieces.

Inventory:

Hand Weapons
 i - a +2 whip of holy wrath
Missiles
 a - 52 arrows
Scrolls
 d - a scroll of remove curse {unknown}
 h - a scroll of identify {unknown}
Potions
 e - a potion of degeneration {unknown}
 f - a potion of flight {unknown}
 g - a potion of agility {unknown}
 j - a potion of mutation {unknown}
Comestibles
 b - 3 chunks of flesh
 c - 2 rations


   Skills:
 - Level 1.1 Fighting
 - Level 1.7 Dodging
 - Level 3.0 Unarmed Combat
 - Level 2.0 Spellcasting
 + Level 3.1 Transmutations


You had 2 spell levels left.
You knew the following spells:

 Your Spells              Type           Power        Failure   Level  Hunger
a - Beastly Appendage     Tmut           #.....       7%          1    ##.....
b - Sticks to Snakes      Tmut           #.......     11%         2    ###....

Your spell library contained the following spells:

 Spells                   Type           Power        Failure   Level  Hunger
 Spider Form              Tmut/Pois      #.........   38%         3    ####...
 Ice Form                 Ice/Tmut       #.......     80%         4    #####..
 Blade Hands              Tmut           #.........   89%         5    ######.


Dungeon Overview and Level Annotations

Branches:
Dungeon (1/15)

Altars:


Innate Abilities, Weirdness & Mutations

Your plain brown scales are hard. (AC +4)
You cannot fit into any form of body armour.
You are cold-blooded and may be slowed by cold attacks.


Message History

Found a dagger.
A kobold comes into view.
The rat bites you.
Casting: Beastly Appendage (safe; 7% risk of failure)
Confirm with . or Enter, or press ? or * to list all spells.
You miscast Beastly Appendage.
You are very lightly contaminated with residual magic.
Nothing appears to happen.
The rat barely misses you. The gnoll barely misses you.
You closely miss the rat. You tail-slap the rat.
The rat is moderately wounded.
The rat closely misses you.
The gnoll hits you from afar with a cursed +0 spear.
* * * LOW HITPOINT WARNING * * *
You hit the rat.
The rat is severely wounded.
The rat bites you.
* * * LOW HITPOINT WARNING * * *
The gnoll hits you from afar with a cursed +0 spear.
You die...

##.......................
##....##.......P.....###
##.......#....P≈P....#
........##...P≈≈≈P...#
.K.##.. #..P≈≈≈≈≈P..###
...##...P≈≈≈≈≈≈≈P.... #..
..P≈≈≈≈≈≈≈≈≈P... #r##
###########...
#.@###.............
##..g..............
#####..........(..
#.....#.##)#).
#......#.)#...
##....#?##.#..
##...#.##?#..
###..#?.#... #.#.##.#..


You could see a gnoll, a kobold and a rat.

Vanquished Creatures
  An ooze (D:1)
  A leopard gecko (D:1)
  A bat (D:1)
  2 hobgoblins (D:1)
  2 kobolds (D:1)
  4 rats (D:1)
11 creatures vanquished.

Notes
Turn   | Place    | Note
-------+----------+-------------------------------------------
     0 | D:1      | ohad the Draconian Transmuter began the quest for the Orb.
     0 | D:1      | Reached XP level 1. HP: 16/16 MP: 3/3
   105 | D:1      | Reached XP level 2. HP: 22/23 MP: 3/5
   114 | D:1      | Learned a level 2 spell: Sticks to Snakes
   232 | D:1      | Slain by a gnoll

Vault maps used:
D:1:      eino_arrival_druids_welcome, minmay_small_reverse_x

Skill      XL: |  1  2 |
---------------+-------+-----
Transmutations | 3 |  3.1
Fighting       | |  1.1
Dodging        | |  1.7
Unarmed Combat | |  3.0
Spellcasting   | |  2.0

Action                   || total
-------------------------++-------
Melee: Unarmed           ||    41
       Headbutt          ||     3
       Tailslap          ||     3
       Kick              ||     2
 Cast: Beastly Appendage ||     6
Armor: Skin              ||    22
Dodge: Dodged            ||    44

Table legend:
 A = Non-vault XP
 B = Vault XP
 C = Vault XP percentage of total XP
 D = Non-vault monster count
 E = Vault monster count
 F = Vault count percentage of total count
                 A         B        C        D         E       F
            +---------+---------+-------+---------+---------+-------
      Total |      15 |       8 |  34.8 |       7 |       4 |  36.4
            +---------+---------+-------+---------+---------+-------
        D:1 |      15 |       8 |  34.8 |       7 |       4 |  36.4
            +---------+---------+-------+---------+---------+-------
